 Dungeon Crawl Stone Soup version 0.29-a0-359-g541a27f54d (webtiles) character file.

Game seed: 5809388582373528310

76 Colgate the Cutter (level 4, -1/26 HPs)
             Began as a Kobold Brigand on Apr 27, 2022.
             Was an Initiate of Hepliaklqana.
             Frozen to death by an endoplasm (5 damage)
             ... on level 3 of the Dungeon.
             The game lasted 00:02:43 (2272 turns).

Colgate the Cutter (Kobold Brigand)                 Turns: 2272, Time: 00:02:43

Health: -1/26      AC:  6    Str:  8    XL:     4   Next: 57%
Magic:  4/4        EV: 12    Int: 12    God:    Hepliaklqana [......]
Gold:   120        SH:  0    Dex: 18    Spells: 3/3 levels left

rFire   . . .      SeeInvis .   b - +4 short sword (flame)
rCold   . . .      Faith    .   (no shield)
rNeg    . . .      Spirit   .   k - +0 ring mail
rPois   .          Reflect  .   (no helmet)
rElec   .          Harm     .   c - +0 cloak
rCorr   .          Rampage  .   (no gloves)
Will    .....                   (no boots)
Stlth   ++++......              (no amulet)
HPRegen 0.08/turn               (no ring)
MPRegen 0.09/turn               (no ring)

@: no status effects
A: small, no large weapons, nightstalker 3
a: Renounce Religion


You were on level 3 of the Dungeon.
You worshipped Hepliaklqana.
Hepliaklqana was noncommittal.
You visited 1 branch of the dungeon, and saw 3 of its levels.

You collected 120 gold pieces.

Inventory:

Hand Weapons
 a - a +2 dagger
 b - a +4 short sword of flaming (weapon)
Missiles
 d - 11 poisoned darts (quivered)
 e - 9 curare-tipped darts
 f - 6 boomerangs of dispersal
Armour
 c - a +0 cloak (worn)
 j - a +0 robe
 k - a +0 ring mail (worn)
 m - a +0 pair of boots
Scrolls
 g - a scroll of brand weapon {unknown}
 l - a scroll of holy word {unknown}
 p - a scroll of enchant armour {unknown}
 r - a scroll of blinking {unknown}
Potions
 h - a potion of heal wounds {unknown}
 i - 3 potions of curing {unknown}
 n - a potion of degeneration {unknown}
 o - 3 potions of might {unknown}
 q - 2 potions of brilliance {unknown}


   Skills:
 - Level 2.1 Fighting
 + Level 5.9 Short Blades
 - Level 2.1 Throwing
 - Level 1.2 Dodging
 - Level 5.3 Stealth


You had 3 spell levels left.
You didn't know any spells.
Your spell library was empty.

Dungeon Overview and Level Annotations

Branches:
Dungeon (3/15)

Altars:
Hepliaklqana

Shops:
D:1 (


Innate Abilities, Weirdness & Mutations

You are small and have problems with some larger weapons.
You are completely attuned to the shadows.


Message History

There are monsters nearby!
You are too injured to fight recklessly!
There are monsters nearby!
You are too injured to fight recklessly!
There are monsters nearby!
You are too injured to fight recklessly!
There are monsters nearby!
You are too injured to fight recklessly!
There are monsters nearby!
You are too injured to fight recklessly!
There are monsters nearby!
You are too injured to fight recklessly!
There are monsters nearby!
You are too injured to fight recklessly!
There are monsters nearby!
You are too injured to fight recklessly!
There are monsters nearby!
You are too injured to fight recklessly!
There are monsters nearby!
You are too injured to fight recklessly!
There are monsters nearby!
Your +4 short sword of flaming bursts into flame!
b - a +4 short sword of flaming (weapon)
You feel sick. The adder bites you.
You barely miss the adder.
You feel sick. The endoplasm freezes you.
You are frozen.
* * * LOW HITPOINT WARNING * * *
The adder bites you but does no damage.
You closely miss the adder.
The endoplasm hits you but does no damage.
The adder bites you but does no damage.
You closely miss the adder.
You feel sick.
The endoplasm hits you but does no damage.
The adder barely misses you.
You hit the adder. You burn the adder.
You feel sick.
You are no longer poisoned.
The endoplasm freezes you.
You are frozen.
You die...

#.### #...## #.....
##########...######
#.................#
..########....)...#
...............J@.#
###########......S#
. ........... #
##..####.#### ....
#.. # #


You could see an adder and an endoplasm.

Vanquished Creatures
  An adder (D:2)
  A worm (D:2)
  3 dart slugs (D:1)
  6 bats
  3 endoplasms
  2 giant cockroaches
  4 goblins
  2 hobgoblins
  10 jackals
  2 quokkas
  3 ball pythons
  3 frilled lizards
  9 kobolds
  5 rats
54 creatures vanquished.

Notes
Turn   | Place    | Note
-------+----------+-------------------------------------------
     0 | D:1      | Colgate the Kobold Brigand began the quest for the Orb.
     0 | D:1      | Reached XP level 1. HP: 12/12 MP: 1/1
   320 | D:1      | Reached XP level 2. HP: 10/17 MP: 2/2
   474 | D:1      | Found Rest's Antique Weapon Boutique.
   649 | D:1      | Reached XP level 3. HP: 3/21 MP: 3/3
   651 | D:1      | HP: 1/21 [jackal (2)]
  1202 | D:1      | Reached skill level 5 in Short Blades
  1620 | D:2      | Found a hazy altar of Hepliaklqana.
  1624 | D:2      | Reached XP level 4. HP: 26/26 MP: 4/4
  1626 | D:2      | Became a worshipper of Hepliaklqana the Forgotten
  2272 | D:3      | Frozen to death by an endoplasm

Illustrated notes

Levels and vault maps discovered:
D:1:      wheals_arrival_linesprint, layout_loops_ring, serial_shops,
          shop_statue, wad_floor_pattern_untrapped
D:2:      layout_basic, basic_altar, minmay_hedge_maze
D:3:      layout_rooms, tso_altar, nrook_mini_backslash, solitary_fountain

Skill      XL: |  1  2  3 |
---------------+----------+-----
Short Blades   | 3 4 5 |  5.9
Fighting       | |  2.1
Throwing       | |  2.1
Dodging        | |  1.2
Stealth        | |  5.3

Action                   |  1- 3 |  4- 6 || total
-------------------------+-------+-------++-------
Melee: Dagger            |   101 |    43 ||   144
       Punch             |     1 |       ||     1
       Short sword       |       |     4 ||     4
  Use: Scroll            |     2 |     1 ||     3
 Stab: Sleeping          |    16 |     4 ||    20
       Distracted        |     1 |       ||     1
Armor: Robe              |    16 |       ||    16
       Ring mail         |       |    17 ||    17
Dodge: Dodged            |    63 |    30 ||    93

Table legend: (Time is in decaauts)
 A = Elapsed time spent in this place.
 B = Non-inter-level travel time spent in this place.
 C = Inter-level travel time spent in this place.
 D = Time resting spent in this place.
 E = Time spent auto-exploring this place.
 F = Levels seen in this place.
 G = Mean time per level.
                   A        B        C        D        E       F      G
               +--------+--------+--------+--------+--------+-----+--------+
         Total |   2236 |   2072 |    164 |      0 |   1712 |   3 |  745.3 |
       Dungeon |   2236 |   2072 |    164 |      0 |   1712 |   3 |  745.3 |
               +--------+--------+--------+--------+--------+-----+--------+

Top non-repeatable levels by time:
     D:1: 1447 daAuts
     D:2: 534 daAuts
     D:3: 255 daAuts
